 Dungeon Crawl Stone Soup version 0.27.1-34-g3ba077fa99 (webtiles) character file.

Game seed: 8904727169798240077

18 cbfl8 the Sneak (level 2, -5/27 HPs)
             Began as a Minotaur Delver on Jan 20, 2022.
             Slain by an iguana (12 damage)
             ... on level 5 of the Dungeon.
             The game lasted 00:01:20 (594 turns).

cbfl8 the Sneak (Minotaur Delver)                    Turns: 594, Time: 00:01:20

Health: -5/27      AC:  3    Str: 16    XL:     2   Next: 51%
Magic:  1/1        EV: 12    Int:  7    God:
Gold:   0          SH:  0    Dex: 11    Spells: 1/1 levels left

rFire    . . .     SeeInvis .   a - +0 hand axe
rCold    . . .     Faith    .   (no shield)
rNeg     . . .     Spirit   .   b - +0 leather armour
rPois    .         Reflect  .   (helmet restricted)
rElec    .         Harm     .   (no cloak)
rCorr    .         Rampage  .   (no gloves)
Will     .....                  (no boots)
Stlth    ++........             (no amulet)
HPRegen  0.09/turn              (no ring)
MPRegen  0.07/turn              (no ring)

@: no status effects
A: horns 2, retaliatory headbutt
a: no special abilities


You were on level 5 of the Dungeon.
You visited 2 branches of the dungeon, and saw 2 of its levels.

Inventory:

Hand Weapons
 a - a +0 hand axe (weapon)
Armour
 b - a +0 leather armour (worn)
Wands
 g - a wand of digging (3)
Scrolls
 c - a scroll of fog
 d - a scroll of magic mapping
 e - a scroll of fear
 h - a scroll of identify {unknown}
 j - a scroll of teleportation {unknown}
Potions
 f - a potion of haste
 i - a potion of curing {unknown}


   Skills:
 + Level 3.8 Fighting
 + Level 2.5 Axes
 + Level 0.1 Armour
 + Level 2.3 Dodging
 + Level 4.5 Stealth


You had one spell level left.
You didn't know any spells.
Your spell library was empty.

Dungeon Overview and Level Annotations

Branches:
Dungeon (5/15)             Temple (1/1) D:5

Altars:
Ashenzari
Cheibriados
Dithmenos
Elyvilon
Gozag
Hepliaklqana
Kikubaaqudgha
Makhleb
Nemelex Xobeh
Okawaru
Qazlal
Ru
Trog
Uskayaw
Vehumet
Xom
Zin
The Shining One


Innate Abilities, Weirdness & Mutations

You have a pair of horns on your head.
You reflexively headbutt those who attack you in melee.


Message History

Moving in this stuff is going to be slow.
You enter the shallow water.
Moving in this stuff is going to be slow.
There is a burning altar of Makhleb here.
You enter the shallow water.
Moving in this stuff is going to be slow.
You enter the shallow water.
Moving in this stuff is going to be slow.
There is an iron altar of Okawaru here.
You enter the shallow water.
Moving in this stuff is going to be slow.
There is a stormy altar of Qazlal here.
You enter the shallow water.
Moving in this stuff is going to be slow.
You enter the shallow water.
Moving in this stuff is going to be slow.
Why would you want to do that? Why would you want to do that?
Why would you want to do that?
You enter the shallow water.
Moving in this stuff is going to be slow.
You enter the shallow water.
Moving in this stuff is going to be slow.
Why would you want to do that? Why would you want to do that?
Why would you want to do that?
There is a staircase back to the Dungeon here.
You don't know any spells.
You climb upwards.
There is a staircase to the Ecumenical Temple here.
The iguana hisses angrily.
A scorpion comes into view.
The scorpion moves out of view.
The scorpion stings you. The scorpion stings you. The scorpion stings you!
The scorpion stings you.
* * * LOW HITPOINT WARNING * * *
The iguana bites you!
You die...

#.# ##.8.#.#
#.###......#
#.#..8.>.8.#
#.#........#
#.#..#.8.#.##
#.#...##....#
#.######....######
#.# #......ls!...#
#.# #.###...@....#
#.# #.# #........#
#.# #.# #####....#
#.###.# ....#
#.....# ....#
####### .#### .#
.#


You could see a scorpion and an iguana.

Vanquished Creatures
  2 adders (D:5)
2 creatures vanquished.

Notes
Turn   | Place    | Note
-------+----------+-------------------------------------------
     0 | D:5      | cbfl8 the Minotaur Delver began the quest for the Orb.
     0 | D:5      | Reached XP level 1. HP: 19/19 MP: 0/0
    44 | D:5      | Reached XP level 2. HP: 27/27 MP: 1/1
   195 | D:5      | Found a staircase to the Ecumenical Temple.
   203 | Temple   | Entered the Ecumenical Temple
   588 | D:5      | Noticed a scorpion
   594 | D:5      | Slain by an iguana

Illustrated notes

Levels and vault maps discovered:
D:5:      kennysheep_steamy, layout_basic, minmay_temple_entry_statues_pillars
Temple:   regret_index_temple_mists

Action                   || total
-------------------------++-------
Melee: Hand axe          ||     7
       Headbutt          ||     1
  Use: Potion            ||     1
Armor: Leather armour    ||     2
Dodge: Dodged            ||     9
